 Dungeon Crawl Stone Soup version 0.18.1-48-g4cf74bf (webtiles) character file.

131 sarahorange the Covered (level 4, -2/40 HPs)
             Began as a Minotaur Fighter on Aug 7, 2016.
             Slain by Grinder (3 damage)
             ... while paralysed by Grinder
             ... on level 3 of the Dungeon.
             The game lasted 00:10:55 (1668 turns).

sarahorange the Covered (Minotaur Fighter)          Turns: 1668, Time: 00:10:56

Health: -2/40      AC:  6    Str: 20    XL:     4   Next: 91%
Magic:  3/3        EV:  2    Int:  5    God:
Gold:   78         SH:  0    Dex: 11    Spells: 0 memorised, 3 levels left

rFire  . . .     SeeInvis .     a - +0 long sword
rCold  + . .     Gourm    .     u - +0 ring mail {rPois}
rNeg   . . .     Faith    .     c - +0 shield
rPois  +         Spirit   .     (helmet restricted)
rElec  .         Dismiss  .     (no cloak)
rCorr  .         Reflect  .     (no gloves)
SustAt .         Harm     .     (no boots)
MR     .....                    (no amulet)
Stlth  +.........               (no ring)
                                q - ring of protection from cold

@: paralysed, about to teleport, not resistant to hostile enchantments, very
unstealthy
A: retaliatory headbutt, horns 2
a: no special abilities


You were on level 3 of the Dungeon.
You were not hungry.

You visited 1 branch of the dungeon, and saw 3 of its levels.

You collected 78 gold pieces.

Inventory:

Hand Weapons
 a - a +0 long sword (weapon)
Missiles
 e - 85 stones (quivered)
 k - 29 poisoned needles
Armour
 b - a +0 scale mail
 c - a +0 shield (worn)
 u - a +0 ring mail of poison resistance (worn)
Jewellery
 q - a ring of protection from cold (left hand)
 s - a cursed ring of teleportation {unknown}
Scrolls
 g - 2 scrolls of magic mapping
 j - a scroll of teleportation
 r - a scroll of fog {unknown}
 w - a scroll of fear {unknown}
Potions
 d - a potion of might
 h - a potion of haste {unknown}
 i - 3 potions of resistance {unknown}
 m - a potion of cancellation {unknown}
 n - a potion of invisibility {unknown}
 v - a potion of magic {unknown}
Comestibles
 f - 5 bread rations
 l - 2 chunks of flesh
 o - a beef jerky
 t - a meat ration


   Skills:
 + Level 4.2 Fighting
 + Level 3.4 Long Blades
 + Level 0.4 Throwing
 + Level 4.5 Armour
 + Level 2.0 Dodging
 + Level 4.4 Shields


You had 3 spell levels left.
You didn't know any spells.

Dungeon Overview and Level Annotations

Branches:
Dungeon (3/15)

Altars:
Ashenzari

Annotations:
D:3 Grinder


Innate Abilities, Weirdness & Mutations

You reflexively headbutt those who attack you in melee.
You have a pair of horns on your head.


Message History

You barely miss Grinder.
Grinder is heavily wounded.
Grinder hits you but does no damage.
You closely miss Grinder. Your headbutt misses Grinder.
Grinder is heavily wounded.
You block Grinder's attack. Grinder hits you but does no damage.
You closely miss Grinder.
Grinder is heavily wounded.
Grinder gestures at you. Pain shoots through your body!
* * * LOW HITPOINT WARNING * * *
Read which item? (? for menu, Esc to quit)
As you read the scroll of teleportation, it crumbles to dust.
You feel strangely unstable. Grinder closely misses you.
Grinder gestures at you.
You suddenly lose the ability to move!
Grinder hits you.
* * * LOW HITPOINT WARNING * * *
You writhe in agony.
You die...

## ***
.#################
*,***
.................#
*,,,,
.###############.#
*,*** .##########
#@# *,**#
..........# #5#
*,,,. #########.#
#.#**************#
#.#
#.#,,,,,,,,,,,,,,.
#.#
#.#,***********###
#.# #.#,* *,,,,...
#.# #.#,* *,***###
#.# ***#.#,**
*,*,,,,, #.#
*>,...,,* *,*,****


You could see Grinder.

Vanquished Creatures
  Terence (D:2)
  5 adders
  3 worms
  3 dart slugs
  A giant gecko (D:1)
  4 giant cockroaches
  5 goblins (D:1)
  5 hobgoblins
  2 jackals (D:1)
  5 kobolds
  A quokka (D:3)
  A bat (D:3)
  3 giant newts
  10 rats
49 creatures vanquished.

Notes
Turn   | Place    | Note
--------------------------------------------------------------
     0 | D:1      | sarahorange the Minotaur Fighter began the quest for the Orb.
     0 | D:1      | Reached XP level 1. HP: 19/19 MP: 0/0
   123 | D:1      | Reached XP level 2. HP: 26/27 MP: 1/1
   712 | D:2      | Reached XP level 3. HP: 32/33 MP: 2/2
   842 | D:2      | Noticed Terence
   850 | D:2      | Killed Terence
   850 | D:2      | Reached skill level 1 in Dodging
   850 | D:2      | Reached XP level 4. HP: 38/40 MP: 3/3
  1174 | D:2      | Found a shattered altar of Ashenzari.
  1650 | D:3      | Noticed Grinder
  1650 | D:3      | Paralysed by Grinder for 7 turns
  1666 | D:3      | Paralysed by Grinder for 7 turns
  1668 | D:3      | HP: 1/40 [Grinder (3)]
  1668 | D:3      | Slain by Grinder

Skill      XL: |  1  2  3  4 |
---------------+-------------+-----
Armour         | 4 |  4.5
Shields        | 4 |  4.4
Fighting       | 4 |  4.2
Long Blades    | 3 |  3.4
Dodging        | 1 2 |  2.0
Throwing       | |  0.4

Action                   |  1- 3 |  4- 6 || total
-------------------------+-------+-------++-------
Melee: Long sword        |    72 |    53 ||   125
       Headbutt          |     8 |     8 ||    16
Throw: Stone             |    10 |    11 ||    21
  Use: Scroll            |       |     4 ||     4
  Eat: Chunk             |       |     3 ||     3
Armor: Scale mail        |    23 |       ||    23
       Ring mail         |       |    20 ||    20
Dodge: Dodged            |    24 |    15 ||    39
Block: Shield            |    30 |    25 ||    55
